Get step-by-step instructions on how to execute this build order below. Start the game timer, and the build order will tick by so you can play in parallel with StarCraft on a second screen or mobile device.

Game Time

  0:00

Last Step

  N/A

Next Step

Upcoming Step



Don't want to look back and forth between 2 screens? Try out our Overwolf App, the Spawning Tool Build Advisor to get an in-game overlay with this build!

Complete Build Order

  12  0:01  Drone  
  13  0:12  Overlord  
  13  0:17  Drone  
  14  0:31  Drone x2  
  16  0:49  Hatchery  
  15  0:52  Drone  
  15  0:55  Drone  
  17  0:59  Drone  
  18  1:09  Extractor  
  17  1:15  Spawning Pool  
  17  1:18  Drone  
  17  1:20  Drone  
  18  1:30  Drone  
  19  1:40  Drone  
  20  1:49  Overlord  
  20  2:01  Queen x2  
  20  2:05  Zergling x2  
  20  2:06  Zergling x2  
  26  2:09  Metabolic Boost  
  26  2:11  Drone  
  26  2:15  Drone  
  28  2:23  Drone x2  
  30  2:33  Drone x2  
  32  2:39  Queen  
  32  2:43  Overlord  
  34  2:45  Drone  
  35  2:51  Lair  
  35  2:56  Drone  
  36  2:59  Overlord  
  36  3:05  Drone  
  36  3:07  Drone  
  36  3:10  Drone  
  39  3:12  Zergling x2  
  39  3:13  Drone, Zergling x2  
  39  3:14  Drone  
  39  3:16  Drone  
  43  3:22  Drone, Extractor x2  
  43  3:23  Drone  
  43  3:28  Queen  
  43  3:33  Drone x2  
  47  3:44  Overlord  
  47  3:45  Drone x3  
  47  3:46  Drone  
  51  3:50  Hydralisk Den  
  51  3:53  Drone  
  51  4:00  Overlord  
  51  4:04  Drone  
  51  4:05  Drone  
  51  4:08  Drone  
  54  4:20  Drone, Hatchery  
  54  4:22  Spore Crawler  
  53  4:24  Muscular Augments  
  53  4:25  Hydralisk  
  55  4:32  Drone  
  55  4:33  Hydralisk  
  55  4:34  Extractor  
  57  4:41  Spore Crawler  
  57  4:44  Drone  
  55  4:47  Hydralisk x2  
  55  4:48  Hydralisk  
  55  4:51  Overlord  
  61  4:54  Hydralisk  
  63  5:00  Drone x2  
  63  5:04  Hydralisk  
  63  5:06  Overlord  
  67  5:11  Drone x3  
  70  5:14  Hydralisk  
  70  5:16  Hydralisk  
  70  5:21  Overlord  
  74  5:29  Overlord  
  74  5:32  Hydralisk  
  74  5:33  Hydralisk x2  
  80  5:38  Hydralisk  
  80  5:41  Hydralisk  
  84  5:45  Hydralisk  
  84  5:46  Zergling x2  
  84  5:48  Zergling x4  
  89  5:55  Zergling x8  
  89  5:56  Zergling x2  
  94  5:59  Overlord  
  94  6:01  Zergling x2  
  95  6:08  Spore Crawler  
  95  6:10  Zergling x8, Extractor  
  96  6:14  Zergling x2  
  96  6:15  Overlord  
  98  6:21  Overlord  
  98  6:28  Drone x6  
  104  6:35  Infestation Pit  
  104  6:37  Lurker Den  
  102  6:40  Drone x5  
  95  6:56  Drone x4  
  95  6:57  Drone x4  
  95  6:58  Infestation Pit  
  101  7:01  Extractor  
  101  7:02  Hydralisk  
  101  7:03  Hydralisk  
  101  7:06  Overseer  
  103  7:09  Drone x4  
  103  7:11  Extractor  
  103  7:12  Hydralisk  
  108  7:20  Drone x2  
  108  7:21  Drone x2  
  108  7:22  Drone  
  110  7:25  Hydralisk  
  110  7:26  Zergling x6  
  115  7:32  Hydralisk x3  
  121  7:43  Overlord  
  120  7:44  Hive  
  120  7:49  Overlord  
  120  7:53  Hydralisk  
  120  7:57  Overlord  
  122  8:01  Hatchery  
  122  8:03  Lurker  
  122  8:05  Lurker x4, Queen  
  126  8:06  Queen  
  126  8:08  Lurker  
  126  8:09  Lurker  
  126  8:11  Hydralisk  
  126  8:12  Zergling x2  
  135  8:26  Drone  
  136  8:27  Evolution Chamber  
  136  8:28  Evolution Chamber  
  136  8:29  Lurker x4  
  136  8:30  Lurker x2  
  136  8:34  Drone x3  
  142  8:40  Hydralisk  
  142  8:41  Zergling x2  
  146  8:42  Overlord x2  
  146  8:52  Spire  
  146  8:54  Zerg Melee Weapons Level 1  
  146  8:55  Zerg Missile Weapons Level 1  
  145  9:03  Zergling x18  
  154  9:10  Overlord  
  154  9:12  Viper  
  154  9:18  Extractor  
  154  9:22  Extractor  
  149  9:29  Hydralisk  
  149  9:30  Hydralisk x6  
  156  9:44  Viper  
  159  9:46  Drone x2  
  159  9:48  Drone x2, Spore Crawler  
  159  9:49  Drone x4, Overlord  
  159  9:52  Adrenal Glands  
  166  10:00  Hydralisk  
  166  10:01  Overlord  
  166  10:02  Overlord  
  167  10:07  Queen  
  167  10:11  Greater Spire  
  169  10:27  Queen  
  169  10:28  Corruptor x5  
  169  10:31  Queen  
  181  10:39  Drone x2  
  181  10:42  Zergling x14  
  190  10:48  Zerg Melee Weapons Level 2  
  190  10:49  Zerg Missile Weapons Level 2  
  190  10:54  Drone  
  191  11:01  Zergling x2  
  184  11:24  Brood Lord x5  
  190  11:31  Spine Crawler x2  
  190  11:32  Zerg Flyer Weapons Level 1, Spine Crawler x2  
  185  11:46  Corruptor x3  
  185  11:47  Corruptor  
  183  11:51  Unknown  
  183  11:54  Burrow, Pathogen Glands  
  189  12:03  Hatchery  
  185  12:16  Corruptor x2  
  185  12:19  Brood Lord  
  191  12:24  Overseer  
  191  12:27  Overlord  
  191  12:40  Spine Crawler  
  191  12:41  Spine Crawler  
  165  12:53  Brood Lord  
  159  12:59  Zergling x4  
  159  13:00  Zergling x30  
  174  13:13  Zergling x42  
  174  13:17  Brood Lord x2  
  199  13:34  Zerg Melee Weapons Level 3, Zerg Flyer Weapons Level 2, Zerg Missile Weapons Level 3  
  199  13:40  Brood Lord  
  181  13:48  Corruptor x3  
  181  13:50  Drone  
  181  13:51  Drone x6  
  181  13:52  Drone x2  
  173  14:28  Corruptor  
  173  14:29  Corruptor x7  
  173  14:30  Corruptor  
  173  14:32  Zergling x2  
  163  14:45  Lurker x6  
  167  14:54  Brood Lord  
  167  14:56  Zergling x2  
  167  14:57  Zergling x14  
  167  14:58  Zergling x2  
  170  15:11  Zergling x4  
  156  15:16  Zergling x2  
  156  15:17  Zergling x18  
  138  15:24  Zergling x2  
  138  15:25  Zergling x2  
  138  15:28  Hydralisk, Zergling x2  
  123  15:34  Zergling x8  
  111  15:38  Zergling x2  
  111  15:42  Brood Lord x5  
  119  15:47  Brood Lord  
  104  16:09  Brood Lord x3  
  110  16:25  Brood Lord  
  112  16:31  Infestor  
  114  16:41  Hatchery  
  114  16:44  Infestor  
  115  16:53  Infestor  
  117  16:54  Drone  
  117  16:55  Drone x5  
  117  17:00  Overseer  
  119  17:06  Drone  
  118  17:14  Infestor  
  116  17:17  Drone  
  116  17:20  Drone x3  
  120  17:24  Infestor